 Dungeon Crawl Stone Soup version 0.21.1-1-g345015f (webtiles) character file.

227 poirepourri the Chopper (level 5, 0/67 HPs)
             Began as a Minotaur Fighter on July 12, 2018.
             Killed by divine providence
             ... invoked by an orc priest
              (9 damage)
             ... on level 4 of the Dungeon.
             The game lasted 00:01:55 (2228 turns).

poirepourri the Chopper (Minotaur Fighter)          Turns: 2228, Time: 00:01:56

Health: 0/67       AC: 22    Str: 25    XL:     5   Next: 70%
Magic:  4/4        EV:  2    Int:  5    God:
Gold:   185        SH: 11    Dex: 11    Spells: 4/4 levels left

rFire    + . .     SeeInvis .   a - +0 war axe
rCold    . . .     Gourm    .   c - +1 shield
rNeg     + + +     Faith    .   (armour currently unavailable)
rPois    +         Spirit   .   (helmet currently unavailable)
rElec    .         Reflect  .   (cloak currently unavailable)
rCorr    .         Harm     .   (gloves currently unavailable)
MR       .....     NoTele   +   (boots currently unavailable)
Stlth    +.........             (no amulet)
HPRegen  0.21/turn              k - ring of protection from fire
MPRegen  0.09/turn              (no ring)

@: mighty, tree-form
A: (retaliatory headbutt)
a: no special abilities


You were on level 4 of the Dungeon.
You were not hungry.
You were a tree.
You visited 1 branch of the dungeon, and saw 4 of its levels.

You collected 185 gold pieces.

Inventory:

Hand Weapons
 a - a +0 war axe (weapon)
Missiles
 m - 25 bolts
Armour
 b - a +0 scale mail (melded)
 c - a +1 shield (worn)
Jewellery
 k - a ring of protection from fire (left branch)
 n - a +4 ring of dexterity {unknown}
Wands
 p - a wand of digging (10)
Scrolls
 j - a scroll of teleportation
 o - a scroll of identify {unknown}
 r - a scroll of fog {unknown}
 s - a scroll of random uselessness {unknown}
 t - a scroll of magic mapping {unknown}
Potions
 d - a potion of might
 e - a potion of lignification
 g - a potion of curing
 h - a potion of magic {unknown}
 l - a potion of brilliance {unknown}
 q - a potion of heal wounds {unknown}
Comestibles
 f - 7 rations


   Skills:
 - Level 3.6 Fighting
 + Level 7.3 Axes
 - Level 3.6 Armour
 - Level 3.6 Shields


You had 4 spell levels left.
You didn't know any spells.

Dungeon Overview and Level Annotations

Branches:
Dungeon (4/15)
 Temple: D:4-7

Altars:
Nemelex Xobeh
Qazlal
Wu Jian

Annotations:
D:4 Inarius's ghost, amateur OpIE


Innate Abilities, Weirdness & Mutations

((You reflexively headbutt those who attack you in melee.))
((You have a pair of horns on your head.))


Message History

Inarius's ghost hits you but does no damage.
You barely miss Inarius's ghost.
Inarius's ghost is moderately damaged.
You block Inarius's ghost's attack.
You closely miss Inarius's ghost.
Inarius's ghost is moderately damaged.
Inarius's ghost stares at you and mumbles some strange words.
You are frozen.
* * * LOW HITPOINT WARNING * * *
Inarius's ghost hits you but does no damage.
You hit Inarius's ghost but do no damage.
Inarius's ghost is moderately damaged.
Inarius's ghost casts a spell at you.
You are frozen.
* * * LOW HITPOINT WARNING * * *
Unknown command.
It was a potion of flight.
Your roots keep you in place.
The orc priest calls down the wrath of Beogh upon you.
Beogh smites you!
You die...

# #.. ####.. #...
##.#
#########.)##o###.
##.>......)♣Woo....
#..<........##..###
#..########.....#
#..... ........
####### .........
###.#### # .# >#


You could see 2 orc priests, Inarius's ghost and an orc.

Vanquished Creatures
  An orc priest (D:4)
  An orc wizard (D:4)
  Jessica (D:3)
  Natasha (twice) (D:3)
  The ghost of dscm the Digger, a weakling OpEE of Gozag (D:3)
  3 adders
  A worm (D:3)
  2 leopard geckos (D:3)
  An orc (D:3)
  2 giant cockroaches (D:1)
  7 goblins
  2 hobgoblins (D:1)
  3 quokkas (D:3)
  8 bats
  2 frilled lizards (D:1)
  7 kobolds
  19 rats
63 creatures vanquished.

Notes
Turn   | Place    | Note
-------+----------+-------------------------------------------
     0 | D:1      | poirepourri the Minotaur Fighter began the quest for the Orb.
     0 | D:1      | Reached XP level 1. HP: 19/19 MP: 0/0
   115 | D:1      | Reached skill level 3 in Axes
   128 | D:1      | Reached XP level 2. HP: 24/26 MP: 1/1
   476 | D:1      | Reached skill level 4 in Axes
   716 | D:2      | Reached XP level 3. HP: 31/31 MP: 2/2
   929 | D:2      | Found a sparkling altar of Nemelex Xobeh.
  1086 | D:2      | Found a stormy altar of Qazlal.
  1372 | D:3      | Noticed dscm's ghost (weakling OpEE)
  1386 | D:3      | Killed dscm's ghost
  1420 | D:3      | Reached skill level 5 in Axes
  1430 | D:3      | Noticed Natasha
  1438 | D:3      | Killed Natasha
  1438 | D:3      | Reached XP level 4. HP: 30/39 MP: 3/3
  1574 | D:3      | Noticed Natasha
  1581 | D:3      | Killed Natasha
  1581 | D:3      | Reached skill level 6 in Axes
  1944 | D:3      | Noticed Jessica
  1945 | D:3      | Killed Jessica
  1945 | D:3      | Reached XP level 5. HP: 37/45 MP: 4/4
  1950 | D:3      | Found an ornate altar of the Wu Jian Council.
  2209 | D:4      | Noticed Inarius's ghost (amateur OpIE)
  2219 | D:4      | Reached skill level 7 in Axes
  2220 | D:4      | HP: 2/45 [Inarius's ghost (4)]
  2228 | D:4      | Killed from afar by an orc priest

Skill      XL: |  1  2  3  4  5 |
---------------+----------------+-----
Axes           | 3 4 5 6 7 |  7.3
Fighting       | |  3.6
Armour         | |  3.6
Shields        | |  3.6

Action                   |  1- 3 |  4- 6 || total
-------------------------+-------+-------++-------
Melee: War axe           |    94 |    42 ||   136
       Headbutt          |     6 |     5 ||    11
  Use: Scroll            |     5 |       ||     5
       Potion            |       |     5 ||     5
  Eat: Ration            |     1 |     1 ||     2
Armor: Scale mail        |    73 |    14 ||    87
       Skin              |       |     3 ||     3
Dodge: Dodged            |    38 |    16 ||    54
Block: Shield            |    80 |    24 ||   104
